 Dungeon Crawl Stone Soup version 0.31-a0-319-g4fced400ed (webtiles) character file.

Game seed: 17625537714132131043

666 Dittersdorf the Covered (level 7, -6/44 HPs)
             Began as a Gargoyle Fighter on July 17, 2023.
             Mangled by a wight
             ... wielding a +3 battleaxe
              (8 damage)
             ... in the Ecumenical Temple.
             The game lasted 00:10:34 (5737 turns).

Dittersdorf the Covered (Gargoyle Fighter)          Turns: 5737, Time: 00:10:35

Health: -6/44      AC: 14    Str: 21    XL:     7   Next: 57%
Magic:  7/7        EV:  8    Int:  9    God:
Gold:   1235       SH:  5    Dex:  9    Spells: 6/6 levels left

rFire   + . .        a - +1 flail (vamp)
rCold   + . .        c - +0 buckler
rNeg    + . .        g - +0 chain mail
rPois   ∞            (no helmet)
rElec   +            x - scarf {rC+ rF+}
rCorr   .            (no gloves)
SInv    .            (no boots)
Will    .....        (no amulet) Stlth
                     j - ring of wizardry
HPRegen 0.27/turn    (no ring)
MPRegen 0.10/turn

%: wizardry (x1)
@: no status effects
A: sickness immunity, AC +4, negative energy resistance 1, electricity
resistance, torment resistance 1, petrification resistance
a: no special abilities


You were in the Ecumenical Temple.
You visited 2 branches of the dungeon, and saw 7 of its levels.
You also visited: Sewer.

You collected 1235 gold pieces.

Inventory:

Hand Weapons
 a - a +1 vampiric flail (weapon)
Missiles
 f - 3 poisoned darts (quivered)
Armour
 c - a +0 buckler (worn)
 g - a +0 chain mail (worn)
 x - a scarf of resistance (worn)
 y - a +0 plate armour
Jewellery
 j - a ring of wizardry (left hand)
Wands
 m - a wand of quicksilver (3)
 u - a wand of flame (42)
Scrolls
 e - 4 scrolls of fog
 k - 3 scrolls of teleportation
 n - a scroll of fear
Potions
 b - a potion of curing {unknown}
 d - 2 potions of might
 h - 2 potions of cancellation {unknown}
 i - 2 potions of ambrosia {unknown}
 l - a potion of heal wounds {unknown}
 o - a potion of resistance
 q - 6 potions of enlightenment
 s - a potion of mutation


   Skills:
 + Level 5.4 Fighting
 + Level 4.4 Maces & Flails
 + Level 5.5 Armour
 + Level 5.4 Shields


You had 6 spell levels left.
You didn't know any spells.
Your spell library contained the following spells:

 Spells                   Type           Power      Damage    Failure   Level
 Magic Dart               Conj           0%         1d3       75%         1
 Blink                    Tloc           0%         N/A       86%         2
 Lesser Beckoning         Tloc           0%         N/A       86%         2
 Momentum Strike          Conj/Tloc      0%         3d8       86%         2
 Searing Ray              Conj           0%         2d4       86%         2
 Ignite Poison            Fire/Tmut/Pois 0%         N/A       97%         3
 Ozocubu's Armour         Ice            0%         N/A       97%         3
 Fulminant Prism          Conj/Hex       0%         3d5       100%        4
 Freezing Cloud           Conj/Ice/Air   0%         6-21      100%        5
 Ozocubu's Refrigeration  Ice            0%         4d7       100%        7
 Cigotuvi's Dreadful Rot  Necr/Pois/Air  Unusable   N/A       N/A         2

Dungeon Overview and Level Annotations

Branches:
Dungeon (6/15)             Temple (1/1) D:6           Sewer (visited)

Altars:
Ashenzari
Cheibriados
Elyvilon
Fedhas
Gozag
Hepliaklqana
Kikubaaqudgha
Makhleb
Nemelex Xobeh
Okawaru
Qazlal
Ru
Sif Muna
Uskayaw
Vehumet
Wu Jian
Yredelemnul
Zin
The Shining One

Shops:
D:1 :


Innate Abilities, Weirdness & Mutations

You are immune to sickness and miasma.
Your stone body is resilient. (AC +4)
You are immune to poison.
You resist negative energy. (rN+)
You are resistant to electric shocks. (rElec)
You are resistant to unholy torment.
You are immune to petrification.


Message History

The wight hits you with a +3 battleaxe. The wight hits you but does no damage.
A wight comes into view.
It is wielding a +0 morningstar of draining.
You block the wight's attack. The wight closely misses you. x2
The wight moves out of view.
The wight hits you from afar with a +4 spear of freezing.
The wight closely misses you.
There is a staircase to the Ecumenical Temple here.
The wight hits you with a +3 battleaxe!
The wight hits you from afar with a +4 spear of freezing.
The wight freezes you.
The wight hits you with a +2 great sword!
You climb downwards.
Welcome to the Ecumenical Temple!
Found seven altars.
Found a staircase back to the Dungeon.
There is a staircase back to the Dungeon here.
You are too injured to fight recklessly!
You are too injured to fight recklessly!
Found an ancient bone altar of Kikubaaqudgha.
The wight attacks as you move away! The wight closely misses you.
Found an opulent altar of Gozag.
The wight attacks as you move away! The wight hits you with a +3 battleaxe.
* * * LOW HITPOINT WARNING * * *
Found a radiant altar of Vehumet.
The wight barely misses you. The wight attacks as you move away!
The wight completely misses you.
You hit the wight.
The wight is lightly damaged.
The wight closely misses you.
You hit the wight but do no damage.
The wight is lightly damaged.
The wight hits you but does no damage. You block the wight's attack.
You barely miss the wight.
The wight is lightly damaged.
The wight hits you with a +2 great sword!
* * * LOW HITPOINT WARNING * * *
The wight splashes around in the water.
You hit the wight but do no damage.
The wight is lightly damaged.
The wight hits you with a +2 great sword.
* * * LOW HITPOINT WARNING * * *
The wight hits you with a +3 battleaxe!
You die...

♣♣♣♣ ♣♣♣♣♣♣ ♣♣≈≈♣♣♣
♣♣♣♣♣≈≈≈≈♣
♣≈≈≈~~♣♣♣♣♣~♣♣≈≈≈≈≈♣♣♣ ♣
♣≈≈≈~~§.♣♣~~♣♣~≈≈≈≈≈≈♣♣ ♣♣
♣≈≈~~....~~~~..~~~≈≈≈≈♣♣♣≈
♣≈~~..._..~~.....~≈~≈≈≈≈≈~
♣~~~..~...z.~_..~..~≈≈≈≈~.
♣♣~....§.@z....~~...~~≈~.♣
♣~....♣♣♣♣....~~~........
♣♣..~...♣♣...~.~~~._..♣..
♣♣..♣..♣♣♣.._~~~~....♣♣.
♣♣~....~..§...~~........
♣♣≈............~.........
♣≈≈~.♣..~_........~..~.~.
♣≈≈~..♣.....~.§<§....._..
♣≈≈~.........♣..~...♣....


You could see 2 wights.

Vanquished Creatures
  An ogre (D:5)
  A vampire bat (D:5)
  2 hounds (D:4)
  A jelly (D:5)
  Natasha (thrice) (D:3)
  An orc wizard (D:5)
  4 gnolls (D:4)
  7 adders
  3 river rats (Sewer)
  A white imp (D:5)
  2 worms
  4 dart slugs
  3 fire bats (D:5)
  13 orcs
  2 spectral bats (D:5)
  7 ball pythons
  22 bats
  3 bat skeletons (D:5)
  A bat zombie (D:5)
  6 endoplasms
  7 giant cockroaches
  10 goblins
  9 hobgoblins
  A jackal (Sewer)
  6 kobolds
  9 quokkas
  A bat simulacrum (D:5)
  5 frilled lizards
  6 rats
141 creatures vanquished.

Notes
Turn   | Place    | Note
-------+----------+-------------------------------------------
     0 | D:1      | Dittersdorf the Gargoyle Fighter began the quest for the
                  | Orb.
     0 | D:1      | Reached XP level 1. HP: 14/14 MP: 1/1
    24 | D:1      | Found Peups's Book Shoppe.
   170 | D:1      | Reached XP level 2. HP: 14/19 MP: 2/2
   440 | D:1      | Reached XP level 3. HP: 24/24 MP: 3/3
  1288 | D:3      | Noticed Natasha
  1309 | D:3      | Killed Natasha
  1310 | D:3      | Reached XP level 4. HP: 12/29 MP: 4/4
  1817 | D:3      | Noticed Natasha
  1821 | D:3      | Killed Natasha
  1822 | D:3      | Reached XP level 5. HP: 19/33 MP: 5/5
  2221 | D:3      | Noticed Natasha
  2234 | D:3      | Killed Natasha
  2659 | D:4      | Found a glowing drain.
  2670 | Sewer    | Entered a sewer
  3055 | Sewer    | Reached XP level 6. HP: 7/39 MP: 6/6
  4107 | D:4      | You fall into a shaft and drop 1 floor!
  4107 | D:5      | Entered Level 5 of the Dungeon
  4583 | D:5      | Identified a scroll of acquirement
  4583 | D:5      | Acquired 944 gold pieces
  4630 | D:5      | Reached skill level 5 in Fighting
  4630 | D:5      | Reached skill level 5 in Armour
  4630 | D:5      | Reached skill level 5 in Shields
  4630 | D:5      | Reached XP level 7. HP: 26/44 MP: 7/7
  5714 | D:6      | Found a staircase to the Ecumenical Temple.
  5724 | Temple   | Entered the Ecumenical Temple
  5737 | Temple   | HP: 2/44 [wight/+2 great sword (5)]
  5737 | Temple   | Mangled by a wight

Illustrated notes

Levels and vault maps discovered:
D:1:      shiori_arrival_maze, layout_basic, serial_shops, shop, st_stairs_10
D:2:      layout_rooms, due_unseen_surprise
D:3:      layout_loops_ring, uniq_natasha
D:4:      layout_basic, gup_sewer_entry_pipe
D:5:      layout_loops_corners, st_stairs_13, goddamned_bats
D:6:      minmay_skewed_foursquare, layout_rooms,
          minmay_temple_entry_junction_2, minmay_misc_feat_roman,
          serial_park_tiny_1, nicolae_underground_beach
Temple:   nicolae_temple_bog_church

Skill      XL: |  1  2  3  4  5  6 |
---------------+-------------------+-----
Fighting       | 4 5 |  5.4
Armour         | 4 5 |  5.5
Shields        | 4 5 |  5.4
Maces & Flails | 3 4 |  4.4

Action                     |  1- 3 |  4- 6 |  7- 9 || total
---------------------------+-------+-------+-------++-------
  Melee: Flail             |   137 |   284 |   110 ||   531
  Throw: Dart              |       |     3 |       ||     3
    Use: Scroll            |       |    14 |       ||    14
 Armour: Chain mail        |   103 |   197 |   123 ||   423
         Scale mail        |     1 |       |       ||     1
  Dodge: Dodged            |    56 |   171 |    87 ||   314
  Block: Buckler           |    29 |    69 |    52 ||   150

Table legend: (Time is in decaauts)
 A = Elapsed time spent in this place.
 B = Non-inter-level travel time spent in this place.
 C = Inter-level travel time spent in this place.
 D = Time resting spent in this place.
 E = Time spent auto-exploring this place.
 F = Levels seen in this place.
 G = Mean time per level.
                   A        B        C        D        E       F      G
               +--------+--------+--------+--------+--------+-----+--------+
         Total |   6055 |   5810 |    245 |    341 |   4142 |   8 |  756.9 |
       Dungeon |   5056 |   4811 |    245 |    341 |   3503 |   6 |  842.7 |
        Temple |     13 |     13 |      0 |      0 |      0 |   1 |   13.0 |
         Sewer |    985 |    985 |      0 |      0 |    639 |   1 |  985.0 |
               +--------+--------+--------+--------+--------+-----+--------+

Top non-repeatable levels by time:
     D:3: 1502 daAuts
     D:5: 1325 daAuts
   Sewer: 985 daAuts
     D:4: 917 daAuts
     D:1: 790 daAuts
     D:2: 485 daAuts
     D:6: 35 daAuts
  Temple: 13 daAuts
